 Dungeon Crawl Stone Soup version 0.25.1-2-g60ff931df9 (webtiles) character file.

Game seed: 3739477192689153716

728 Peloso the Covered (level 7, 0/61 HPs)
             Began as a Minotaur Fighter on Aug 10, 2020.
             Splashed by a jelly's acid (9 damage)
             ... on level 7 of the Dungeon.
             The game lasted 00:06:11 (2386 turns).

Peloso the Covered (Minotaur Fighter)               Turns: 2386, Time: 00:06:13

Health: 0/61       AC:  0    Str: 21    XL:     7   Next: 44%
Magic:  6/6        EV:  8    Int:  5    God:
Gold:   98         SH: 10    Dex: 11    Spells: 6/6 levels left

rFire    . . .     SeeInvis .   a - +0 long sword
rCold    . . .     Gourm    .   c - +0 kite shield
rNeg     . . .     Faith    .   b - +0 scale mail
rPois    .         Spirit   .   (helmet restricted)
rElec    .         Reflect  .   (no cloak)
rCorr    .         Harm     .   (no gloves)
MR       .....                  (no boots)
Stlth    ..........             n - amulet of the acrobat
HPRegen  0.20/turn              (no ring)
MPRegen  0.10/turn              (no ring)

@: corroded, slowed, very slow
A: retaliatory headbutt, horns 2
a: no special abilities


You were on level 7 of the Dungeon.
You were hungry.

You visited 1 branch of the dungeon, and saw 7 of its levels.

You collected 98 gold pieces.

Inventory:

Hand Weapons
 a - a +0 long sword (weapon)
Missiles
 g - 23 bolts
Armour
 b - a +0 scale mail (worn)
 c - a +0 kite shield (worn)
Jewellery
 n - an amulet of the acrobat (around neck)
Scrolls
 d - 2 scrolls of teleportation {unknown}
Comestibles
 f - 2 rations
 h - 2 chunks of flesh


   Skills:
 + Level 5.2 Fighting
 + Level 5.9 Long Blades
 + Level 6.2 Armour
 + Level 1.8 Dodging
 + Level 5.9 Shields


You had 6 spell levels left.
You didn't know any spells.
Your spell library was empty.

Dungeon Overview and Level Annotations

Branches:
Dungeon (8/15)
 Temple: D:4-7         Lair: D:8-11

Altars:

Annotations:
D:8 Erica


Innate Abilities, Weirdness & Mutations

You reflexively headbutt those who attack you in melee.
You have a pair of horns on your head.


Message History

The black bear barely misses you. You furiously retaliate!
You headbutt the black bear!
You kill the black bear!
You see here a black bear corpse.
Unknown command.
Unknown command.
Unknown command.
There is a stone staircase leading down here.
A jelly comes into view.
Unknown command.
There is a stone staircase leading down here.
You see here a black bear corpse.
The jelly misses you.
You slash the jelly! The acid corrodes you!
Your hands burn!
* * * LOW HITPOINT WARNING * * *
The jelly is severely wounded.
The jelly hits you.
* * * LOW HITPOINT WARNING * * *
The acid corrodes you!
You are splashed with acid!
You die...

#
#############.#.###
#...@J.†.>.........
#.#######.#.....###
#.......# #.#....##
........#
...#.....#
............
....##.....##


You could see a jelly.

Vanquished Creatures
  An ice beast (D:8)
  A black bear (D:7)
  A big kobold (D:8)
  A water moccasin skeleton (D:4)
  5 killer bees (D:8)
  A jelly (D:8)
  A bullfrog skeleton (D:8)
  Robin (D:2)
  4 gnolls
  4 adders
  An adder zombie (D:8)
  2 worms
  2 dart slugs
  A leopard gecko (D:2)
  A giant cockroach (D:4)
  12 goblins
  7 hobgoblins
  7 jackals (D:1)
  A ball python (D:1)
  3 bats
  9 kobolds
  4 rats
70 creatures vanquished.

Notes
Turn   | Place    | Note
-------+----------+-------------------------------------------
     0 | D:1      | Peloso the Minotaur Fighter began the quest for the Orb.
     0 | D:1      | Reached XP level 1. HP: 19/19 MP: 0/0
    54 | D:1      | Reached XP level 2. HP: 23/27 MP: 1/1
   337 | D:1      | Reached skill level 4 in Armour
   396 | D:1      | Reached XP level 3. HP: 33/33 MP: 2/2
   835 | D:2      | Noticed Robin
   843 | D:2      | Killed Robin
   851 | D:2      | Reached XP level 4. HP: 39/40 MP: 3/3
  1042 | D:2      | HP: 1/40 [adder (4)]
  1100 | D:3      | HP: 2/40 [poisoned by an adder]
  1108 | D:3      | HP: 1/40 [poisoned by an adder]
  1874 | D:2      | You fall into a shaft and drop 2 floors!
  1900 | D:4      | Reached skill level 1 in Dodging
  1900 | D:4      | Reached XP level 5. HP: 44/47 MP: 4/4
  1974 | D:5      | Entered Level 5 of the Dungeon
  2068 | D:5      | You fall into a shaft and drop 3 floors!
  2084 | D:8      | Reached skill level 5 in Armour
  2084 | D:8      | Reached skill level 5 in Shields
  2084 | D:8      | Reached XP level 6. HP: 7/53 MP: 5/5
  2093 | D:8      | Reached skill level 5 in Long Blades
  2102 | D:8      | HP: 2/55 [poisoned by a killer bee]
  2109 | D:8      | HP: 1/55 [poisoned by a killer bee]
  2117 | D:8      | HP: 1/55 [poisoned by a killer bee]
  2262 | D:8      | Noticed an ice beast
  2276 | D:8      | Killed an ice beast
  2276 | D:8      | Reached skill level 5 in Fighting
  2276 | D:8      | Reached XP level 7. HP: 32/61 MP: 6/6
  2276 | D:8      | Reached skill level 6 in Armour
  2349 | D:8      | Noticed Erica
  2386 | D:7      | Splashed by a jelly's acid

Illustrated notes

Levels and vault maps discovered:
D:1:      onia_arrival_mini_spirals, layout_loops_cross,
          chequers_serial_rivers_small_b, nrook_mini_backslash
D:2:      layout_basic, first_ration, uniq_robin
D:3:      layout_basic, hellmonk_ghost_happy_afterlife, uniq_grinder
D:4:      layout_rooms, grunt_temple_overflow_bloody_war,
          overflow_temple_1_default, minmay_temple_entry_wispy
D:5:      layout_basic
D:7:      layout_basic, marbit_many_paths
D:8:      layout_basic, kennysheep_little_box, overflow_temple_1_default,
          basic_altar, uniq_pikel, uniq_erica

Skill      XL: |  1  2  3  4  5  6  7 |
---------------+----------------------+-----
Long Blades    | 3 4 5 |  5.9
Armour         | 4 5 6 |  6.2
Shields        | 4 5 |  5.9
Fighting       | 4 5 |  5.2
Dodging        | 1 |  1.8

Action                   |  1- 3 |  4- 6 |  7- 9 || total
-------------------------+-------+-------+-------++-------
Melee: Long sword        |    64 |    86 |    13 ||   163
       Headbutt          |     8 |    17 |     1 ||    26
  Use: Scroll            |     2 |     2 |       ||     4
       Potion            |       |     8 |       ||     8
  Eat: Ration            |       |     1 |       ||     1
       Chunk             |       |     1 |       ||     1
Armor: Scale mail        |    29 |    31 |    11 ||    71
Dodge: Dodged            |    28 |    45 |    26 ||    99
Block: Kite shield       |    40 |    60 |    18 ||   118
       Rpst.: Long sword |     8 |    14 |     3 ||    25
